 Dungeon Crawl Stone Soup version 0.30-a0-847-g17996783a1 (webtiles) character file.

Game seed: 6794850865450997701

9 holysushi the Cutter (level 2, 9/24 HPs)
             Began as a Demonspawn Monk on Mar 3, 2023.
             Quit the game on level 1 of the Dungeon.
             The game lasted 00:00:49 (565 turns).

holysushi the Cutter (Demonspawn Monk)               Turns: 565, Time: 00:00:50

Health: 9/24       AC:  3    Str: 11    XL:     2   Next: 3%
Magic:  2/2        EV: 12    Int: 11    God:
Gold:   22         SH:  4    Dex: 15    Spells: 1/1 levels left

rFire   . . .      SeeInvis .    a - +0 short sword
rCold   . . .      Faith    .    (no shield)
rNeg    . . .      Spirit   .    e - +1 robe {Will+}
rPois   .          Reflect  .    (no helmet)
rElec   .          Rampage  .    (no cloak)
rCorr   .                        (no gloves)
Will    +....                    (no boots)
Stlth   ++                       (no amulet)
HPRegen 0.24/turn                (no ring)
MPRegen 0.08/turn                (no ring)

@: no status effects
A: condensation shield
a: no special abilities


You were on level 1 of the Dungeon.
You visited 1 branch of the dungeon, and saw 1 of its levels.

You collected 22 gold pieces.

Inventory:

Hand Weapons
 a - a +0 short sword (weapon)
Armour
 b - a +0 robe
 e - a +1 robe of willpower (worn)
Scrolls
 d - a scroll of identify {unknown}
Potions
 c - a potion of ambrosia


   Skills:
 - Level 3.0 Fighting
 + Level 3.2 Short Blades
 - Level 2.6 Dodging
 - Level 1.7 Stealth


You had one spell level left.
You didn't know any spells.
Your spell library was empty.

Dungeon Overview and Level Annotations

Branches:
Dungeon (1/15) Zot: 5439

Altars:


Innate Abilities, Weirdness & Mutations

A meltable shield of frost defends you. (SH +4)


Message History

There is an open door here.
A hobgoblin comes into view.
Found a stone staircase leading down.
The hobgoblin shouts!
A hobgoblin is nearby!
A kobold comes into view. It is wielding a +0 short sword.
There are monsters nearby!
The kobold shouts!
The hobgoblin hits you.
There are monsters nearby!
There are monsters nearby!
You hit the hobgoblin.
The hobgoblin is almost dead.
The hobgoblin barely misses you.
You closely miss the hobgoblin.
The hobgoblin is almost dead.
The hobgoblin barely misses you.
You hit the hobgoblin.
You kill the hobgoblin!
You have reached level 2!
Your demonic ancestry asserts itself...
Frost condenses into a shield before you.
The kobold misses you.
You hit the kobold but do no damage.
The kobold hits you with a +0 short sword.
You closely miss the kobold.
The kobold hits you with a +0 short sword.
You hit the kobold.
The kobold is moderately wounded.
The kobold hits you with a +0 short sword.
You are too injured to fight recklessly!
You closely miss the kobold. You punch the kobold, but do no damage.
The kobold is moderately wounded.
The kobold hits you with a +0 short sword.
You are too injured to fight recklessly!
You hit the kobold.
You kill the kobold!
Things that are here:
a +0 short sword; a kobold corpse Are you sure you want to abandon this character and quit the game? (Confirm with "yes".)

########### #.#
..........#### #.#
##...........###.#######
.............'........>.
.#...........###.#####.
##...........# #.#
##...........# #.#
#...........# #.#
#........#### #@#
#.######## #.# #.# #.#
##.# #.# ...# #.. ####
#.. #.. #...


There were no monsters in sight!

Vanquished Creatures
  2 goblins (D:1)
  A hobgoblin (D:1)
  A quokka (D:1)
  2 ball pythons (D:1)
  2 kobolds (D:1)
  A rat (D:1)
9 creatures vanquished.

Notes
Turn   | Place    | Note
-------+----------+-------------------------------------------
     0 | D:1      | holysushi the Demonspawn Monk began the quest for the Orb.
     0 | D:1      | Reached XP level 1. HP: 18/18 MP: 1/1
   557 | D:1      | Gained mutation: A meltable shield of frost defends you.
                  | (SH +4) [demonic ancestry]
   557 | D:1      | Reached XP level 2. HP: 21/24 MP: 2/2
   565 | D:1      | Quit the game

Illustrated notes

Levels and vault maps discovered:
D:1:      spicycebolla_green_bress_n_ham_2, layout_basic, minmay_split_cup_large

Skill      XL: |  1 |
---------------+----+-----
Short Blades   | 3 |  3.2
Fighting       | |  3.0
Dodging        | |  2.6
Stealth        | |  1.7

Action                     || total
---------------------------++-------
  Melee: Short sword       ||    35
         Punch             ||     2
   Stab: Sleeping          ||     2
 Armour: Robe              ||     2
  Dodge: Dodged            ||    21

Table legend: (Time is in decaauts)
 A = Elapsed time spent in this place.
 B = Non-inter-level travel time spent in this place.
 C = Inter-level travel time spent in this place.
 D = Time resting spent in this place.
 E = Time spent auto-exploring this place.
 F = Levels seen in this place.
 G = Mean time per level.
                   A        B        C        D        E       F      G
               +--------+--------+--------+--------+--------+-----+--------+
         Total |    560 |    560 |      0 |      0 |    469 |   1 |  560.0 |
       Dungeon |    560 |    560 |      0 |      0 |    469 |   1 |  560.0 |
               +--------+--------+--------+--------+--------+-----+--------+

Top non-repeatable levels by time:
     D:1: 560 daAuts
